 Dungeon Crawl Stone Soup version 0.23.0-3-gf3c87f2 (webtiles) character file.

Game seed: 18177583445881689865

878 xccam the Quickloader (level 8, -8/56 HPs)
             Began as a Formicid Hunter on Feb 24, 2019.
             Mangled by an orc warrior
             ... wielding a +0 scimitar
              (16 damage)
             ... on level 5 of the Dungeon.
             The game lasted 00:06:51 (3323 turns).

xccam the Quickloader (Formicid Hunter)             Turns: 3323, Time: 00:06:52

Health: -8/56      AC:  6    Str: 14 (16) XL:     8   Next: 25%
Magic:  8/8        EV: 11    Int: 14 (17) God:
Gold:   151        SH:  0    Dex: 10 (13) Spells: 7/7 levels left

rFire    . . .     SeeInvis +   a - +2 hand crossbow
rCold    . . .     Gourm    .   (no shield)
rNeg     . . .     Faith    .   g - +1 ring mail
rPois    .         Spirit   .   (helmet unavailable)
rElec    .         Reflect  .   (no cloak)
rCorr    .         Harm     .   (no gloves)
MR       .....                  (no boots)
Stlth    +.........             (no amulet)
HPRegen  0.18/turn              (no ring)
MPRegen  0.11/turn              (no ring)

@: brilliant, flying
A: permanent stasis, dig shafts and tunnels, four strong arms, antennae 3
a: Dig, Shaft Self


You were on level 5 of the Dungeon.
You were not hungry.

You visited 1 branch of the dungeon, and saw 5 of its levels.

You collected 151 gold pieces.

Inventory:

Hand Weapons
 a - a +2 hand crossbow (weapon)
 b - a +0 short sword
Missiles
 d - 6 bolts (quivered)
Armour
 g - a +1 ring mail (worn)
Wands
 m - a wand of flame (10)
Scrolls
 k - a scroll of remove curse
 l - a scroll of amnesia {unknown}
Potions
 c - a potion of curing
 p - a potion of lignification {unknown}
Comestibles
 f - 8 rations


   Skills:
 - Level 2.1 Fighting
 + Level 3.0 Short Blades
 + Level 8.1 Crossbows
 + Level 3.0 Armour
 + Level 3.2 Dodging
 - Level 1.2 Stealth


You had 7 spell levels left.
You didn't know any spells.
Your spell library was empty.

Dungeon Overview and Level Annotations

Branches:
Dungeon (5/15)
 Temple: D:4-7

Altars:
Cheibriados
Dithmenos
Fedhas
Sif Muna
Vehumet
Xom
Yredelemnul
The Shining One


Innate Abilities, Weirdness & Mutations

You cannot be hasted, slowed, berserked, paralysed or teleported.
You can dig through walls and to a lower floor.
Your four strong arms can wield two-handed weapons with a shield.
You have a pair of large antennae on your head. (SInv)


Message History

Press: ? - help, Shift-Dir - straight line, f/p - orc warrior
Aim: an orc warrior, wielding a +0 scimitar and wearing a +0 plate armour (lightly wounded)
The puff of flame hits the orc warrior!
The orc warrior is heavily wounded.
The orc warrior misses you.
It was a potion of flight.
You feel very buoyant.
You fly up into the air.
It was a potion of magic.
Magic courses through your body.
The orc warrior hits you with a +0 scimitar.
* * * LOW HITPOINT WARNING * * *
It was a potion of brilliance.
You feel clever all of a sudden.
The orc warrior hits you with a +0 scimitar.
* * * LOW HITPOINT WARNING * * *
It was a potion of degeneration.
There was something very wrong with that liquid.
You feel weakened.
You feel dopey.
You feel clumsy.
The orc warrior hits you with a +0 scimitar!
You die...

....#....#
.........#
..#._.#..#
....†....#
#...#....#
#........#
##.#########
#.........#
#########
#########.#
#..@ooo(#
#.#
#.#####.#
#.###.# .#
#.....# .#
###.#.# .#
#...#.# .#
#.###.# o#
#. #.# o# #
#.#


You could see an orc warrior and 2 orcs.

Vanquished Creatures
  Pikel (D:4)
  Sigmund (D:3)
  2 slaves (D:4)
  A hound (D:3)
  Jessica (D:3)
  2 iguanas (D:4)
  A hound skeleton (D:4)
  A gnoll (D:1)
  3 adders (D:3)
  2 oozes
  2 worms (D:2)
  2 dart slugs
  A leopard gecko (D:2)
  9 orcs
  8 bats
  4 giant cockroaches
  6 goblins
  9 hobgoblins
  4 jackals (D:1)
  8 kobolds
  3 quokkas
  A ball python (D:3)
  9 rats
81 creatures vanquished.

Vanquished Creatures (others)
  A centaur (D:4)
1 creature vanquished.

Grand Total: 82 creatures vanquished

Notes
Turn   | Place    | Note
-------+----------+-------------------------------------------
     0 | D:1      | xccam the Formicid Hunter began the quest for the Orb.
     0 | D:1      | Reached XP level 1. HP: 16/16 MP: 1/1
   138 | D:1      | Reached XP level 2. HP: 22/22 MP: 2/2
   153 | D:1      | Reached skill level 1 in Short Blades
   299 | D:1      | Reached XP level 3. HP: 27/27 MP: 3/3
   607 | D:1      | Reached skill level 5 in Crossbows
   740 | D:1      | Reached XP level 4. HP: 33/33 MP: 4/4
  1217 | D:2      | Found a shadowy altar of Dithmenos.
  1217 | D:2      | Found a deep blue altar of Sif Muna.
  1336 | D:2      | Found a glowing golden altar of the Shining One.
  1338 | D:2      | Noticed an angel
  1343 | D:2      | Found a basalt altar of Yredelemnul.
  1345 | D:2      | Noticed a profane servitor
  1851 | D:3      | Noticed Jessica
  1852 | D:3      | Killed Jessica
  1852 | D:3      | Reached XP level 5. HP: 38/38 MP: 5/5
  1933 | D:3      | Reached skill level 6 in Crossbows
  1973 | D:3      | Found a snail-covered altar of Cheibriados.
  2333 | D:3      | Noticed Sigmund
  2342 | D:3      | Reached XP level 6. HP: 33/44 MP: 6/6
  2347 | D:3      | Killed Sigmund
  2347 | D:3      | Reached skill level 7 in Crossbows
  2528 | D:4      | Got a faintly glowing leather armour
  2539 | D:4      | Identified the cursed +0 leather armour "Seloanle" {Int+2}
                  | (You found it on level 4 of the Dungeon)
  2668 | D:4      | Reached XP level 7. HP: 50/50 MP: 7/7
  2674 | D:4      | Found a blossoming altar of Fedhas.
  2678 | D:4      | Noticed Pikel
  2708 | D:4      | Killed Pikel
  2708 | D:4      | Reached skill level 8 in Crossbows
  2708 | D:4      | Reached XP level 8. HP: 44/56 MP: 8/8
  3274 | D:5      | Entered Level 5 of the Dungeon
  3274 | D:5      | Found a radiant altar of Vehumet.
  3274 | D:5      | Found a shimmering altar of Xom.
  3323 | D:5      | Mangled by an orc warrior

Skill      XL: |  1  2  3  4  5  6  7  8 |
---------------+-------------------------+-----
Short Blades   | 1 2 3 |  3.0
Crossbows      | 5 6 7 8 |  8.1
Armour         | 2 3 |  3.0
Dodging        | 3 |  3.2
Fighting       | |  2.1
Stealth        | |  1.2

Action                   |  1- 3 |  4- 6 |  7- 9 || total
-------------------------+-------+-------+-------++-------
 Fire: Hand crossbow     |    63 |   121 |    41 ||   225
Evoke: Wand              |       |       |     1 ||     1
  Use: Potion            |       |     2 |     4 ||     6
       Scroll            |       |     6 |       ||     6
  Eat: Chunk             |       |     5 |     2 ||     7
Armor: Leather armour    |     1 |       |       ||     1
       Ring mail         |     7 |    23 |     4 ||    34
Dodge: Dodged            |    17 |    34 |    12 ||    63
